| TOP OF THE 1ST |
|
Pittsburgh Pirates batting - Pitching for Montreal Expos : RHP Antonio Atayde
|
|
Pitching: RHP Antonio Atayde
|
|
|
Batting: RHB Dan Gladden
|
0-0: Ball 1-0: Bunt missed! 1-1: Ball 2-1: Called Strike 2-2: Strikes out swinging, 2-3 out at first.
|
|
Batting: RHB Rennie Stennett
|
0-0: Ball 1-0: SINGLE (Line Drive, 9LS, EV 105.0 MPH)
|
|
Batting: LHB Greg Walker
|
0-0: Ball 1-0: Foul Ball, location: 2F 1-1: Called Strike 1-2: Foul Ball, location: 2F 1-2: Strikes out swinging
|
|
Batting: RHB Mike C Brown
|
0-0: Called Strike 0-1: Ball 1-1: Fly out, F9 (Flyball, 9S, EV 88.8 MPH)
|
| Top of the 1st over - 0 runs, 1 hit, 0 errors, 1 left on base; Pittsburgh 0 - Montreal 0 |
| BOTTOM OF THE 1ST |
|
Montreal Expos batting - Pitching for Pittsburgh Pirates : LHP John Tudor
|
|
Pitching: LHP John Tudor
|
|
|
Batting: LHB Duane Walker
|
0-0: Ball 1-0: Foul Ball, location: 2F 1-1: Swinging Strike 1-2: Ground out U3 (Groundball, 3, EV 83.1 MPH)
|
|
Batting: SHB Garry Templeton
|
0-0: Ground out 4-3 (Groundball, 34, EV 91.3 MPH)
|
|
Batting: LHB Kirk Gibson
|
0-0: Ball 1-0: Ball 2-0: Called Strike 2-1: Foul Ball, location: 2F 2-2: Ball 3-2: Base on Balls
|
|
Batting: RHB Dale Murphy
|
0-0: Ball 1-0: Foul Ball, location: 2F 1-1: Foul Ball, location: 2F 1-2: Ball 2-2: Ball 3-2: Base on Balls Kirk Gibson to second
|
|
Batting: RHB Dave Winfield
|
0-0: Ball 1-0: Ground out 4-3 (Groundball, 4, EV 84.4 MPH)
|
| Bottom of the 1st over - 0 runs, 0 hits, 0 errors, 2 left on base; Pittsburgh 0 - Montreal 0 |
| TOP OF THE 2ND |
|
Pittsburgh Pirates batting - Pitching for Montreal Expos : RHP Antonio Atayde
|
|
Batting: RHB William Max
|
0-0: Ball 1-0: Ball 2-0: Foul Ball, location: 2F 2-1: Called Strike 2-2: Foul Ball, location: 2F 2-2: Foul Ball, location: 2F 2-2: Fly out, F6 (Flyball, 6MD, EV 86.3 MPH)
|
|
Batting: SHB John Shelby
|
0-0: Ball 1-0: Called Strike 1-1: SINGLE (Line Drive, 8LS, EV 90.6 MPH)
|
|
Batting: SHB Ron Oester
|
0-0: Called Strike 0-1: Fly out, F7 (Flyball, 78D, EV 96.3 MPH)
|
|
Batting: RHB Frank Hunsaker
|
0-0: Ball 1-0: Called Strike 1-1: Ball 2-1: Foul Ball, location: 2F 2-2: Fly out, F7 (Flyball, 78S, EV 90.0 MPH)
|
| Top of the 2nd over - 0 runs, 1 hit, 0 errors, 1 left on base; Pittsburgh 0 - Montreal 0 |
| BOTTOM OF THE 2ND |
|
Montreal Expos batting - Pitching for Pittsburgh Pirates : LHP John Tudor
|
|
Batting: SHB Alex Ortiz
|
0-0: Called Strike 0-1: Ball 1-1: Foul Ball, location: 2F 1-2: Ground out 6-3 (Groundball, 6, EV 105.6 MPH)
|
|
Batting: LHB Ernesto Quevedo
|
0-0: Ground out 4-3 (Groundball, 4, EV 87.5 MPH)
|
|
Batting: LHB Orlando Sanchez
|
0-0: Fly out, F8 (Flyball, 8LM, EV 95.0 MPH)
|
| Bottom of the 2nd over - 0 runs, 0 hits, 0 errors, 0 left on base; Pittsburgh 0 - Montreal 0 |
| TOP OF THE 3RD |
|
Pittsburgh Pirates batting - Pitching for Montreal Expos : RHP Antonio Atayde
|
|
Batting: LHB John Tudor
|
0-0: Called Strike 0-1: Called Strike 0-2: Ball 1-2: Strikes out swinging
|
|
Batting: RHB Dan Gladden
|
0-0: Ball 1-0: Fly out, F9 (Flyball, 89D, EV 93.1 MPH)
|
|
Batting: RHB Rennie Stennett
|
0-0: Ball 1-0: Fly out, F6 (Popup, 6M, EV 58.1 MPH)
|
| Top of the 3rd over - 0 runs, 0 hits, 0 errors, 0 left on base; Pittsburgh 0 - Montreal 0 |
| BOTTOM OF THE 3RD |
|
Montreal Expos batting - Pitching for Pittsburgh Pirates : LHP John Tudor
|
|
Batting: RHB Antonio Atayde
|
0-0: Called Strike 0-1: Ball 1-1: Swinging Strike 1-2: Foul Ball, location: 2F 1-2: Foul Ball, location: 2F 1-2: Ball 2-2: Foul Ball, location: 2F 2-2: Foul Ball, location: 2F 2-2: Foul Ball, location: 2F 2-2: Strikes out looking
|
|
Batting: LHB Duane Walker
|
0-0: Ball 1-0: Foul Ball, location: 2F 1-1: Ball 2-1: Foul Ball, location: 2F 2-2: SINGLE (Flyball, 7S, EV 98.8 MPH)
|
|
Batting: SHB Garry Templeton
|
0-0: Ball 1-0: Called Strike Duane Walker steals 2nd base 1-1: Foul Ball, location: 2F 1-2: Foul Ball, location: 2F 1-2: Foul Ball, location: 2F 1-2: Foul Ball, location: 2F 1-2: SINGLE (Line Drive, 78S, EV 92.5 MPH) Duane Walker to third Runner from 3rd tries for Home, SAFE, throw by LF to home
|
|
Batting: LHB Kirk Gibson
|
0-0: Called Strike 0-1: Fly out, F9 (Flyball, 9, EV 86.9 MPH)
|
|
Batting: RHB Dale Murphy
|
0-0: Ball 1-0: Foul Ball, location: 2F 1-1: Ball 2-1: Ball 3-1: Foul Ball, location: 2F 3-2: Base on Balls Garry Templeton to second
|
|
Batting: RHB Dave Winfield
|
0-0: Fielders Choice at 2nd, 5-4 (Groundball, 56, EV 83.1 MPH)
|
| Bottom of the 3rd over - 1 run, 2 hits, 0 errors, 2 left on base; Pittsburgh 0 - Montreal 1 |
| TOP OF THE 4TH |
|
Pittsburgh Pirates batting - Pitching for Montreal Expos : RHP Antonio Atayde
|
|
Batting: LHB Greg Walker
|
0-0: Called Strike 0-1: Foul Ball, location: 2F 0-2: Fly out, F7 (Flyball, 7S, EV 73.8 MPH)
|
|
Batting: RHB Mike C Brown
|
0-0: Foul Ball, location: 2F 0-1: Ball 1-1: Ball 2-1: Swinging Strike 2-2: Strikes out looking
|
|
Batting: RHB William Max
|
0-0: Called Strike 0-1: Ball 1-1: Swinging Strike 1-2: Ball 2-2: Foul Ball, location: 2F 2-2: Ball 3-2: Ground out 4-3 (Groundball, 34, EV 80.6 MPH)
|
| Top of the 4th over - 0 runs, 0 hits, 0 errors, 0 left on base; Pittsburgh 0 - Montreal 1 |
| BOTTOM OF THE 4TH |
|
Montreal Expos batting - Pitching for Pittsburgh Pirates : LHP John Tudor
|
|
Batting: SHB Alex Ortiz
|
0-0: DOUBLE (Line Drive, 78XD, EV 100.0 MPH)
|
|
Batting: LHB Ernesto Quevedo
|
0-0: Ball Alex Ortiz is caught stealing 3rd base 2-5 1-0: Called Strike 1-1: Ball 2-1: Foul Ball, location: 2F 2-2: Ball 3-2: Foul Ball, location: 2F 3-2: Fly out, F8 (Flyball, 78M, EV 85.6 MPH)
|
|
Batting: LHB Orlando Sanchez
|
0-0: Ground out 4-3 (Groundball, 4MD, EV 85.0 MPH)
|
| Bottom of the 4th over - 0 runs, 1 hit, 0 errors, 0 left on base; Pittsburgh 0 - Montreal 1 |
| TOP OF THE 5TH |
|
Pittsburgh Pirates batting - Pitching for Montreal Expos : RHP Antonio Atayde
|
|
Batting: SHB John Shelby
|
0-0: Ball 1-0: Foul Ball, location: 2F 1-1: Called Strike 1-2: Strikes out swinging
|
|
Batting: SHB Ron Oester
|
0-0: Called Strike 0-1: Ball 1-1: Swinging Strike 1-2: Ground out 6-3 (Groundball, 6, EV 105.0 MPH)
|
|
Batting: RHB Frank Hunsaker
|
0-0: Called Strike 0-1: Ball 1-1: Ground out 4-3 (Groundball, 4M, EV 83.8 MPH)
|
| Top of the 5th over - 0 runs, 0 hits, 0 errors, 0 left on base; Pittsburgh 0 - Montreal 1 |
| BOTTOM OF THE 5TH |
|
Montreal Expos batting - Pitching for Pittsburgh Pirates : LHP John Tudor
|
|
Batting: RHB Antonio Atayde
|
0-0: Ball 1-0: Swinging Strike 1-1: Ball 2-1: Swinging Strike 2-2: Strikes out swinging
|
|
Batting: LHB Duane Walker
|
0-0: Ball 1-0: Foul Ball, location: 2F 1-1: Called Strike 1-2: Foul Ball, location: 2F 1-2: SINGLE (Line Drive, 5D, EV 103.8 MPH)
|
|
Batting: SHB Garry Templeton
|
0-0: Ball 1-0: SINGLE (Line Drive, 7S, EV 105.0 MPH) Duane Walker to second
|
|
Batting: LHB Kirk Gibson
|
0-0: Ball 1-0: Ball Duane Walker steals 3rd, throwing error, E2 Duane Walker scores Garry Templeton to third 2-0: Ball 3-0: Called Strike 3-1: Foul Ball, location: 2F 3-2: Ground out U3 (Groundball, 34, EV 85.6 MPH) Garry Templeton scores
|
|
Batting: RHB Dale Murphy
|
0-0: Foul Ball, location: 2F 0-1: Ball 1-1: Ball 2-1: Ball 3-1: Swinging Strike 3-2: SINGLE (Line Drive, 89S, EV 111.3 MPH)
|
|
Batting: RHB Dave Winfield
|
0-0: Ball 1-0: Ball 2-0: Ball 3-0: Base on Balls Dale Murphy to second
|
|
Batting: SHB Alex Ortiz
|
0-0: Ball 1-0: Swinging Strike 1-1: Foul Ball, location: 2F 1-2: Ball 2-2: Foul Ball, location: 2F 2-2: Strikes out swinging
|
| Bottom of the 5th over - 2 runs, 3 hits, 1 error, 2 left on base; Pittsburgh 0 - Montreal 3 |
| TOP OF THE 6TH |
|
Pittsburgh Pirates batting - Pitching for Montreal Expos : RHP Antonio Atayde
|
|
Pinch Hitting: LHB Craig Barnes
|
0-0: Called Strike 0-1: Ball 1-1: Foul Ball, location: 2F 1-2: Foul Ball, location: 2F 1-2: Ball 2-2: Fly out, F6 (Popup, 6M, EV 77.5 MPH)
|
|
Batting: RHB Dan Gladden
|
0-0: Called Strike 0-1: Foul Ball, location: 2F 0-2: Ball 1-2: Hit by Pitch
|
|
Batting: RHB Rennie Stennett
|
0-0: Ball Dan Gladden steals 2nd base 1-0: Fly out, F7 (Flyball, 7, EV 90.0 MPH)
|
|
Batting: LHB Greg Walker
|
0-0: Called Strike 0-1: Foul Ball, location: 2F 0-2: Hit by Pitch
|
|
Batting: RHB Mike C Brown
|
0-0: Called Strike 0-1: Fly out, F7 (Flyball, 7LM, EV 88.1 MPH)
|
| Top of the 6th over - 0 runs, 0 hits, 0 errors, 2 left on base; Pittsburgh 0 - Montreal 3 |
| BOTTOM OF THE 6TH |
|
Montreal Expos batting - Pitching for Pittsburgh Pirates : LHP John Tudor
|
|
Pitching: RHP Scott Lyman
|
|
|
Batting: LHB Ernesto Quevedo
|
0-0: Foul Ball, location: 2F 0-1: SINGLE (Groundball, 15S, EV 64.4 MPH) (infield hit)
|
|
Batting: LHB Orlando Sanchez
|
0-0: Ball 1-0: Foul Ball, location: 2F 1-1: Foul Ball, location: 2F 1-2: Ball 2-2: DOUBLE (Line Drive, 78D, EV 104.4 MPH) Ernesto Quevedo to third Runner from 3rd tries for Home, SAFE, throw by LF to home
|
|
Batting: RHB Antonio Atayde
|
0-0: Bunted foul 0-1: Sac Bunt to 15 - play at third, runner OUT! 1-6
|
|
Batting: LHB Duane Walker
|
0-0: Foul Ball, location: 2F 0-1: Called Strike 0-2: Ball 1-2: Foul Ball, location: 2F 1-2: Foul Ball, location: 2F 1-2: Ball 2-2: Strikes out swinging
|
|
Batting: SHB Garry Templeton
|
0-0: Foul Ball, location: 2F 0-1: Called Strike 0-2: Ball 1-2: SINGLE (Line Drive, 3D, EV 96.9 MPH) Antonio Atayde to second
|
|
Batting: LHB Kirk Gibson
|
0-0: Called Strike 0-1: Fly out, F9 (Line Drive, 9D, EV 109.4 MPH)
|
| Bottom of the 6th over - 1 run, 3 hits, 0 errors, 2 left on base; Pittsburgh 0 - Montreal 4 |
| TOP OF THE 7TH |
|
Pittsburgh Pirates batting - Pitching for Montreal Expos : RHP Antonio Atayde
|
|
Batting: RHB William Max
|
0-0: Ball 1-0: Ground out 6-3 (Groundball, 56D, EV 97.5 MPH)
|
|
Batting: SHB John Shelby
|
0-0: Ball 1-0: Called Strike 1-1: Called Strike 1-2: Fly out, F7 (Flyball, 78M, EV 94.4 MPH)
|
|
Batting: SHB Ron Oester
|
0-0: Ball 1-0: Ground out 4-3 (Groundball, 4S, EV 84.4 MPH)
|
| Top of the 7th over - 0 runs, 0 hits, 0 errors, 0 left on base; Pittsburgh 0 - Montreal 4 |
| BOTTOM OF THE 7TH |
|
Montreal Expos batting - Pitching for Pittsburgh Pirates : RHP Scott Lyman
|
|
Batting: RHB Dale Murphy
|
0-0: Called Strike 0-1: Ball 1-1: Called Strike 1-2: Ground out 4-3 (Groundball, 4M, EV 104.4 MPH)
|
|
Batting: RHB Dave Winfield
|
0-0: Fly out, F9 (Flyball, 89D, EV 101.3 MPH)
|
|
Batting: SHB Alex Ortiz
|
0-0: Foul Ball, location: 2F 0-1: Ground out U3 (Groundball, 3, EV 107.5 MPH)
|
| Bottom of the 7th over - 0 runs, 0 hits, 0 errors, 0 left on base; Pittsburgh 0 - Montreal 4 |
| TOP OF THE 8TH |
|
Pittsburgh Pirates batting - Pitching for Montreal Expos : RHP Antonio Atayde
|
|
Batting: RHB Frank Hunsaker
|
0-0: DOUBLE (Line Drive, 3D, EV 105.6 MPH)
|
|
Pinch Hitting: LHB Terry Whitfield
|
0-0: Ball 1-0: Called Strike 1-1: Called Strike 1-2: Foul Ball, location: 2F 1-2: Foul Ball, location: 2F 1-2: Ball 2-2: Strikes out swinging
|
|
Batting: RHB Dan Gladden
|
0-0: Ball 1-0: Foul Ball, location: 2F 1-1: 2-RUN HOME RUN (Flyball, 7D, EV 101.9 MPH), Distance : 375 ft
|
|
Batting: RHB Rennie Stennett
|
0-0: Called Strike 0-1: Ball 1-1: Ball 2-1: Ball 3-1: Ground out 1-3 (Groundball, 13S, EV 71.9 MPH)
|
|
Batting: LHB Greg Walker
|
0-0: Ball 1-0: Ground out 6-3 (Groundball, 6M, EV 81.9 MPH)
|
| Top of the 8th over - 2 runs, 2 hits, 0 errors, 0 left on base; Pittsburgh 2 - Montreal 4 |
| BOTTOM OF THE 8TH |
|
Montreal Expos batting - Pitching for Pittsburgh Pirates : RHP Scott Lyman
|
|
Pitching: RHP Robert Alexander
|
|
|
Batting: LHB Ernesto Quevedo
|
0-0: Called Strike 0-1: Ball 1-1: Foul Ball, location: 2F 1-2: Ball 2-2: Strikes out swinging
|
|
Batting: LHB Orlando Sanchez
|
0-0: Ball 1-0: Ball 2-0: Ball 3-0: Foul Ball, location: 2F 3-1: DOUBLE (Flyball, 8RXD, EV 90.6 MPH)
|
|
Batting: RHB Antonio Atayde
|
0-0: Called Strike 0-1: Ball 1-1: Swinging Strike 1-2: Foul Ball, location: 2F 1-2: Strikes out swinging
|
|
Batting: LHB Duane Walker
|
0-0: Ball 1-0: Ball 2-0: Ball 3-0: Called Strike 3-1: Called Strike 3-2: Strikes out swinging
|
| Bottom of the 8th over - 0 runs, 1 hit, 0 errors, 1 left on base; Pittsburgh 2 - Montreal 4 |
| TOP OF THE 9TH |
|
Pittsburgh Pirates batting - Pitching for Montreal Expos : RHP Antonio Atayde
|
|
Now in LF: Guonçalo Fernandes
|
|
|
Now in RF: Luis Sanchez
|
|
|
Batting: RHB Mike C Brown
|
0-0: Swinging Strike 0-1: SINGLE (Line Drive, 7S, EV 96.9 MPH)
|
|
Pinch Hitting: SHB Chili Davis
|
0-0: Foul Ball, location: 2F 0-1: Ball 1-1: Ball 2-1: Foul Ball, location: 2F 2-2: DOUBLE (Flyball, 8LXD, EV 106.9 MPH) Mike C Brown to third
|
|
Batting: SHB John Shelby
|
0-0: Ball 1-0: Swinging Strike 1-1: Foul Ball, location: 2F 1-2: Ball Wild Pitch! Mike C Brown scores Chili Davis to third 2-2: Strikes out looking
|
|
Batting: SHB Ron Oester
|
0-0: Ball 1-0: Called Strike 1-1: SINGLE (Line Drive, 3, EV 98.1 MPH) Chili Davis scores
|
|
Pinch Hitting: RHB Rafael Santana
|
0-0: Ball 1-0: Ball 2-0: Fly out, F7 (Flyball, 7S, EV 72.5 MPH)
|
|
Pinch Hitting: LHB Jared Martin
|
0-0: Ball 1-0: Ground out U3 (Groundball, 3, EV 101.3 MPH)
|
| Top of the 9th over - 2 runs, 3 hits, 0 errors, 1 left on base; Pittsburgh 4 - Montreal 4 |
| BOTTOM OF THE 9TH |
|
Montreal Expos batting - Pitching for Pittsburgh Pirates : RHP Robert Alexander
|
|
Pitching: RHP Mark Lemongello
|
|
|
Now at C: Chili Davis
|
|
|
Now at 3B: Alex Campos
|
|
|
Batting: SHB Garry Templeton
|
0-0: Ground out 6-3 (Groundball, 6, EV 91.9 MPH)
|
|
Batting: LHB Guonçalo Fernandes
|
0-0: Ground out 2-3 (Groundball, 2L, EV 69.4 MPH)
|
|
Batting: RHB Dale Murphy
|
0-0: Ball 1-0: Fly out, F2 (Popup, 3SF, EV 76.3 MPH)
|
| Bottom of the 9th over - 0 runs, 0 hits, 0 errors, 0 left on base; Pittsburgh 4 - Montreal 4 |
| TOP OF THE 10TH |
|
Pittsburgh Pirates batting - Pitching for Montreal Expos : RHP Antonio Atayde
|
|
Batting: RHB Dan Gladden
|
0-0: Fly out, F8 (Flyball, 8RS, EV 91.3 MPH)
|
|
Batting: RHB Rennie Stennett
|
0-0: Ball 1-0: Foul Ball, location: 2F 1-1: Swinging Strike 1-2: Ground out 5-3 (Groundball, 5, EV 84.4 MPH)
|
|
Batting: LHB Greg Walker
|
0-0: Fly out, F8 (Line Drive, 8RM, EV 105.6 MPH)
|
| Top of the 10th over - 0 runs, 0 hits, 0 errors, 0 left on base; Pittsburgh 4 - Montreal 4 |
| BOTTOM OF THE 10TH |
|
Montreal Expos batting - Pitching for Pittsburgh Pirates : RHP Mark Lemongello
|
|
Batting: RHB Luis Sanchez
|
0-0: Swinging Strike 0-1: Ball 1-1: Ball 2-1: Ball 3-1: Swinging Strike 3-2: Base on Balls
|
|
Batting: SHB Alex Ortiz
|
0-0: Ball 1-0: Called Strike 1-1: Ball 2-1: Ball 3-1: Bunted foul 3-2: Fielders Choice at 2nd, 4-6 (Groundball, 4S, EV 88.8 MPH)
|
|
Batting: LHB Ernesto Quevedo
|
0-0: Called Strike 0-1: Foul Ball, location: 2F 0-2: Ball 1-2: Ball 2-2: Ball 3-2: Foul Ball, location: 2F 3-2: Fielders Choice at 2nd, 3-6 (Groundball, 34S, EV 86.3 MPH)
|
|
Batting: LHB Orlando Sanchez
|
0-0: Ground out 4-3 (Groundball, 4, EV 84.4 MPH)
|
| Bottom of the 10th over - 0 runs, 0 hits, 0 errors, 1 left on base; Pittsburgh 4 - Montreal 4 |
| TOP OF THE 11TH |
|
Pittsburgh Pirates batting - Pitching for Montreal Expos : RHP Antonio Atayde
|
|
Batting: RHB Mike C Brown
|
0-0: Called Strike 0-1: Ball 1-1: Fly out, F4 (Popup, 23, EV 88.1 MPH)
|
|
Batting: SHB Chili Davis
|
0-0: Ball 1-0: Called Strike 1-1: Called Strike 1-2: Foul Ball, location: 2F 1-2: Foul Ball, location: 2F 1-2: Fly out, F6 (Popup, P, EV 69.4 MPH)
|
|
Batting: SHB John Shelby
|
0-0: Swinging Strike 0-1: Ball 1-1: Ball 2-1: Swinging Strike 2-2: Strikes out swinging
|
| Top of the 11th over - 0 runs, 0 hits, 0 errors, 0 left on base; Pittsburgh 4 - Montreal 4 |
| BOTTOM OF THE 11TH |
|
Montreal Expos batting - Pitching for Pittsburgh Pirates : RHP Mark Lemongello
|
|
Pinch Hitting: SHB Biff Pocoroba
|
0-0: Ball 1-0: Ball 2-0: Ball 3-0: Base on Balls
|
|
Batting: LHB Duane Walker
|
0-0: Ball 1-0: Called Strike 1-1: Reached via error on a dropped throw from 1B, E1 (Groundball, 34S, EV 81.3 MPH) Biff Pocoroba to second
|
|
Batting: SHB Garry Templeton
|
0-0: SINGLE (Line Drive, 9S, EV 94.4 MPH) Biff Pocoroba to third Duane Walker to second Runner from 3rd tries for Home, SAFE, throw by RF to home
|
| Bottom of the 11th over - 1 run, 1 hit, 1 error, 0 left on base; Pittsburgh 4 - Montreal 5 |
|